 Dungeon Crawl Stone Soup version 0.29-a0-284-gf9362112df (webtiles) character file.

Game seed: 18037111528182683322

58 siradein the Firebug (level 3, 0/26 HPs)
             Began as a Draconian Fire Elementalist on Mar 21, 2022.
             Slain by an orc
             ... wielding a +2 hand axe of flaming
              (3 damage)
             ... on level 3 of the Dungeon.
             The game lasted 00:06:28 (2947 turns).

siradein the Firebug (Draconian Fire Elementalist)  Turns: 2947, Time: 00:06:29

Health: 0/26       AC:  5    Str: 10    XL:     3   Next: 76%
Magic:  5/7        EV: 12    Int: 17    God:
Gold:   194        SH:  0    Dex: 11    Spells: 1/7 levels left

rFire   . . .      SeeInvis .   j - +1 dagger (elec)
rCold   + . .      Faith    .   (no shield)
rNeg    . . .      Spirit   .   (body armour unavailable)
rPois   .          Reflect  .   (helmet restricted)
rElec   .          Harm     .   (no cloak)
rCorr   .          Rampage  .   (no gloves)
Will    .....                   (no boots)
Stlth   ++........              (no amulet)
HPRegen 0.08/turn               g - ring of protection from cold
MPRegen 0.10/turn               (no ring)

@: very slightly contaminated
A: AC +5, unfitting armour, cold-blooded
a: no special abilities


You were on level 3 of the Dungeon.
You visited 1 branch of the dungeon, and saw 3 of its levels.

You collected 194 gold pieces.

Inventory:

Hand Weapons
 j - a +1 dagger of electrocution (weapon)
Jewellery
 g - a ring of protection from cold (left hand)
Scrolls
 b - a scroll of amnesia {unknown}
 d - 2 scrolls of vulnerability {unknown}
 e - 2 scrolls of identify {unknown}
 h - a scroll of fear {unknown}
Potions
 a - a potion of magic
 c - 3 potions of curing {unknown}
 i - a potion of berserk rage {unknown}


   Skills:
 - Level 1.7 Dodging
 - Level 1.7 Stealth
 + Level 2.7 Spellcasting
 - Level 1.0 Conjurations
 * Level 4.3 Fire Magic


You had one spell level left.
You knew the following spells:

 Your Spells              Type           Power      Damage    Failure   Level
a - Foxfire               Conj/Fire      44%        2x1d6     6%          1
b - Scorch                Fire           32%        2d6       4%          2
c - Inner Flame           Hex/Fire       9%         N/A       22%         3

Your spell library contained the following spells:

 Spells                   Type           Power      Damage    Failure   Level
 Conjure Flame            Conj/Fire      11%        6-21      19%         3
 Flame Wave               Conj/Fire      11%        2d5       52%         4


Dungeon Overview and Level Annotations

Branches:
Dungeon (3/15)

Altars:


Innate Abilities, Weirdness & Mutations

Your plain brown scales are hard. (AC +5)
You cannot fit into any form of body armour.
You are cold-blooded and may be slowed by cold attacks.


Message History

The goblin attacks as you move away! The goblin misses you.
You completely miss the goblin.
The goblin is severely wounded.
The goblin closely misses you.
The orc shouts!
You hit the goblin.
You kill the goblin!
The rat bites you but does no damage.
The rat twitches its whiskers.
The rat attacks as you move away! The rat bites you but does no damage.
The rat attacks as you move away! The rat bites you but does no damage.
The rat attacks as you move away! The rat barely misses you.
You hit the rat.
You kill the rat!
You hit the orc but do no damage.
Your tail-slap misses the orc.
The orc closely misses you. The orc attacks as you move away!
The orc hits you with a +2 hand axe of flaming!
The orc burns you.
Casting: Foxfire (safe; 6% risk of failure)
Confirm with . or Enter, or press ? or * to list all spells.
You conjure some foxfire!
The orc hits you with a +2 hand axe of flaming.
The orc burns you.
The orc hits your foxfire with a +2 hand axe of flaming.
You hit the orc but do no damage.
The foxfire hits the orc.
The orc is heavily wounded.
The foxfire hits the orc.
The orc is severely wounded.
The orc hits you with a +2 hand axe of flaming.
The orc burns you.
Casting: Foxfire (safe; 6% risk of failure)
Confirm with . or Enter, or press ? or * to list all spells.
You miscast Foxfire.
You are very lightly contaminated with residual magic.
Nothing appears to happen.
The orc hits you with a +2 hand axe of flaming.
* * * LOW HITPOINT WARNING * * *
The orc burns you.
You die...

#.# #.#
#.#####
#.....#
#####.# #.#
#.# ##§# #.#
#[@# #.# #o##
#.# #o# #.#
#†# #.# #.#
#### #.# #.#
.....##.####.#
#..o......# #
####)######


You could see 2 orcs.

Vanquished Creatures
  An adder (D:2)
  3 worms (D:2)
  2 dart slugs (D:1)
  3 ball pythons
  2 endoplasms
  3 giant cockroaches (D:1)
  5 goblins
  4 hobgoblins
  2 kobolds (D:1)
  2 bats (D:3)
  4 frilled lizards
  5 rats
36 creatures vanquished.

Vanquished Creatures (others)
  77 foxfires
  4 plants (D:1)
81 creatures vanquished.

Grand Total: 117 creatures vanquished

Notes
Turn   | Place    | Note
-------+----------+-------------------------------------------
     0 | D:1      | siradein the Draconian Fire Elementalist began the quest
                  | for the Orb.
     0 | D:1      | Reached XP level 1. HP: 14/14 MP: 3/3
   557 | D:1      | Reached XP level 2. HP: 20/20 MP: 3/5
  1413 | D:2      | Learned a level 2 spell: Scorch
  1631 | D:2      | Reached skill level 4 in Fire Magic
  1631 | D:2      | Reached XP level 3. HP: 26/26 MP: 3/6
  1636 | D:2      | Learned a level 3 spell: Inner Flame
  2947 | D:3      | Slain by an orc

Illustrated notes

Levels and vault maps discovered:
D:1:      lemuel_arrival_rhombus, layout_basic, serial_forest,
          infiniplex_forest_straight_2, infiniplex_forest_end_2,
          infiniplex_forest_end_2, infiniplex_forest_lined_2,
          infiniplex_forest_lined_room_2, infiniplex_forest_straight_3,
          infiniplex_forest_corner_1
D:2:      layout_basic, grunt_ministairs_5, minmay_tromino_i4
D:3:      layout_loops_ring, old_standard_altar

Skill      XL: |  1  2 |
---------------+-------+-----
Fire Magic     | 4 |  4.3
Dodging        | |  1.7
Stealth        | |  1.7
Spellcasting   | |  2.7
Conjurations   | |  1.0

Action                   || total
-------------------------++-------
Melee: Unarmed           ||     1
       Spear             ||     1
       Dagger            ||    27
       Tailslap          ||     2
 Cast: Foxfire           ||    44
       Scorch            ||     3
Armor: Skin              ||    22
Dodge: Dodged            ||    36

Table legend: (Time is in decaauts)
 A = Elapsed time spent in this place.
 B = Non-inter-level travel time spent in this place.
 C = Inter-level travel time spent in this place.
 D = Time resting spent in this place.
 E = Time spent auto-exploring this place.
 F = Levels seen in this place.
 G = Mean time per level.
                   A        B        C        D        E       F      G
               +--------+--------+--------+--------+--------+-----+--------+
         Total |   2947 |   2848 |     99 |      2 |   2376 |   3 |  982.3 |
       Dungeon |   2947 |   2848 |     99 |      2 |   2376 |   3 |  982.3 |
               +--------+--------+--------+--------+--------+-----+--------+

Top non-repeatable levels by time:
     D:1: 1498 daAuts
     D:2: 1203 daAuts
     D:3: 245 daAuts
